 Dungeon Crawl Stone Soup version 0.18.1-6-gd335043 (webtiles) character file.

22686 HeyPeaces the Protected (level 12, 0/108 HPs)
             Began as a Minotaur Fighter on May 9, 2016.
             Was the Champion of Cheibriados.
             Succumbed to a naga warrior's splash of poison
             ... on level 1 of the Snake Pit on May 15, 2016.
             The game lasted 02:07:06 (19794 turns).

HeyPeaces the Protected (Minotaur Fighter)         Turns: 19794, Time: 02:07:07

Health: 0/108      AC: 13    Str: 41    XL:     12   Next: 65%
Magic:  11/11      EV: 15    Int: 20    God:    Cheibriados [******]
Gold:   518        SH:  0    Dex: 25    Spells: 0 memorised, 11 levels left

rFire  . . .     SeeInvis .     f - +4 dire flail (freeze)
rCold  + . .     Gourm    .     B - +0 chain mail
rNeg   . . .     Faith    .     (shield currently unavailable)
rPois  +         Spirit   .     (helmet restricted)
rElec  .         Dismiss  .     (no cloak)
rCorr  .         Reflect  .     (no gloves)
SustAt .         Harm     .     (no boots)
MR     .....                    (no amulet)
Stlth  ..........               x - ring of protection from cold
                                t - ring of poison resistance

@: lethally poisoned (0 -> -1), about to teleport, very slow, not resistant to
hostile enchantments, extremely unstealthy
A: retaliatory headbutt, fangs 1, horns 2
a: Bend Time, Temporal Distortion, Slouch, Step From Time, Renounce Religion


You were on level 1 of the Snake Pit.
You worshipped Cheibriados.
Cheibriados was exalted by your worship.
You were not hungry.

You visited 3 branches of the dungeon, and saw 14 of its levels.

You collected 838 gold pieces.
You spent 320 gold pieces at shops.

Inventory:

Hand Weapons
 d - a +0 battleaxe of freezing
 f - a +4 dire flail of freezing (weapon)
Missiles
 i - 355 stones (quivered)
 o - 6 needles of sleeping
Armour
 c - a +0 shield
 v - a +0 ring mail of cold resistance
 y - a +0 scale mail of cold resistance
 B - a +0 chain mail (worn)
Jewellery
 s - an uncursed ring of sustain attributes
 t - a ring of poison resistance (left hand)
 x - a ring of protection from cold (right hand)
Wands
 e - a wand of lightning (7/15)
 D - a wand of random effects (22/48)
Scrolls
 n - 2 scrolls of magic mapping
 p - 3 scrolls of fog
 r - 2 scrolls of remove curse
 w - 2 scrolls of enchant armour
 A - 3 scrolls of enchant weapon
Potions
 a - a potion of magic
 q - 3 potions of flight
Miscellaneous
 z - a plain deck of changes
Comestibles
 b - 3 inedible chunks of flesh
 j - 6 meat rations
 k - a bread ration
 m - 3 beef jerkies


   Skills:
 + Level 10.7 Fighting
 - Level 9.5(11.8) Axes
 * Level 11.4(12.7) Maces & Flails
 + Level 0.4 Throwing
 + Level 13.8 Armour
 + Level 5.7 Dodging
 - Level 3.9 Shields
 * Level 9.3 Unarmed Combat


You had 11 spell levels left.
You didn't know any spells.

Dungeon Overview and Level Annotations

Branches:
Dungeon (10/15)            Temple (0/1) D:4            Lair (3/8) D:10
  Snake (1/4) Lair:3          Orc (0/2) D:10
  Swamp: Lair:3-6    Shoals: Lair:3-6

Altars:
Cheibriados
Dithmenos
Fedhas
Gozag
Makhleb
Okawaru
Pakellas
Qazlal
Ru
Trog
Xom
Zin

Shops:
D:10 =

Annotations:
Snake:1 exclusion: naga sharpshooter


Innate Abilities, Weirdness & Mutations

You reflexively headbutt those who attack you in melee.
You have a pair of horns on your head.
You have very sharp teeth.


Message History

The naga warrior hits you with a long sword!
* * * LOW HITPOINT WARNING * * *
x2 The naga warrior constricts you.
You sock the mana viper!
The mana viper seems to slow down.
You freeze the mana viper! Your headbutt misses the mana viper.
The mana viper is heavily wounded.
The mana viper bites you but does no damage.
You miss the mana viper. Your headbutt misses the mana viper.
The mana viper is heavily wounded.
The black mamba bites you.
* * * LOW HITPOINT WARNING * * *
The mana viper misses you. You furiously retaliate!
You headbutt the mana viper!
The naga warrior hits you with a long sword!
* * * LOW HITPOINT WARNING * * *
x2 The naga warrior constricts you.
The black mamba barely misses you. You furiously retaliate!
You headbutt the black mamba!
A salamander comes into view. It is wielding an enchanted trident.
You escape the naga warrior's grasp.
You die...

......... # #
....#.##.. . . #####.#
.. #. .# N .# ## ..#.#
#.#.. .###
#....#####....# ...#
###.........# ...#
##.# #.NSS.# ...##
.#... ##.# .##.##
.....###.@# .....#
...#.....## .....#
....#....# .....#
#.......# ....##
##......### ....#
##........# ....#
#.....[..## ....#
##........##..
...#####..............


You could see a naga warrior, a mana viper and a black mamba.

Vanquished Creatures
  A naga warrior (Snake:1)
  Harold (D:10)
  2 hydras
  An anaconda (Snake:1)
  An unseen horror (D:10)
  A hill giant (D:10)
  A salamander (Snake:1)
  2 guardian serpents (Snake:1)
  2 naga magi (Snake:1)
  5 black mambas
  2 spiny frogs (Lair:1)
  4 komodo dragons
  A troll (D:10)
  3 blink frogs (Lair:1)
  20 yaks
  2 hippogriffs
  A hungry ghost (D:10)
  A warg (Lair:2)
  Edmund (D:5)
  5 nagas (Snake:1)
  5 water moccasins
  5 porcupines
  8 orc warriors
  5 sky beasts
  4 ice beasts
  3 phantoms
  A black bear (D:8)
  A wasp (D:9)
  8 wolves (Lair:2)
  7 ogres
  3 crocodiles
  6 centaurs
  The ghost of Mulkerokala the Cudgeler, an amateur OpCK of Xom (D:3)
  A big kobold (D:7)
  7 giant frogs
  A gnoll sergeant (D:8)
  A wyvern skeleton (D:7)
  A scorpion (D:5)
  13 wights
  A killer bee (D:8)
  6 howler monkeys (D:7)
  2 electric eels (Lair:1)
  7 crimson imps
  2 quasits
  2 giant frog zombies
  7 hounds
  5 orc priests
  4 giant frog skeletons
  A centaur skeleton (D:4)
  8 iguanas
  13 orc wizards
  7 worker ants
  7 sheep (Lair:2)
  A hound skeleton (D:5)
  15 adders
  7 gnolls
  10 river rats (Lair:1)
  3 shadow imps
  An ooze (D:5)
  3 adder zombies
  3 worms
  4 dart slugs (D:1)
  7 giant geckos
  45 orcs
  A ball python (D:2)
  6 giant cockroaches
  10 hobgoblins
  11 jackals
  3 quokkas
  8 bats
  2 giant gecko skeletons
  7 giant newts
  10 goblins
  19 kobolds
  A quokka skeleton (D:4)
  A quokka zombie (D:8)
  3 rats
  A fungus (Lair:2)
  7 plants
399 creatures vanquished.

Vanquished Creatures (others)
  A fungus (Lair:1)
  3 plants
4 creatures vanquished.

Grand Total: 403 creatures vanquished

Notes
Turn   | Place    | Note
--------------------------------------------------------------
     0 | D:1      | HeyPeaces the Minotaur Fighter began the quest for the Orb.
     0 | D:1      | Reached XP level 1. HP: 19/19 MP: 0/0
   224 | D:1      | Reached XP level 2. HP: 26/27 MP: 1/1
   366 | D:1      | You fall through a shaft!
   666 | D:1      | Reached XP level 3. HP: 33/33 MP: 2/2
   693 | D:1      | Reached skill level 4 in Armour
   942 | D:1      | Reached skill level 1 in Dodging
   969 | D:1      | Reached skill level 1 in Unarmed Combat
  1573 | D:1      | Reached XP level 4. HP: 14/40 MP: 3/3
  3074 | D:3      | Found a snail-covered altar of Cheibriados.
  3094 | D:3      | Found a shimmering altar of Xom.
  3170 | D:3      | Became a worshipper of Cheibriados the Contemplative
  3409 | D:3      | Reached XP level 5. HP: 44/47 MP: 4/4
  3467 | D:3      | Noticed Mulkerokala's ghost (amateur OpCK)
  3486 | D:3      | Killed Mulkerokala's ghost
  3486 | D:3      | Reached skill level 5 in Armour
  3626 | D:3      | Found a faded altar to an unknown god.
  3928 | D:3      | Found a burning altar of Makhleb.
  4376 | D:4      | Reached * piety under Cheibriados
  4404 | D:4      | Reached XP level 6. HP: 53/53 MP: 5/5
  4672 | D:4      | Reached skill level 5 in Fighting
  5037 | D:4      | Found a staircase to the Ecumenical Temple.
  5182 | D:4      | Reached skill level 6 in Armour
  5193 | D:4      | Reached XP level 7. HP: 31/61 MP: 6/6
  5612 | D:5      | Entered Level 5 of the Dungeon
  5897 | D:5      | Reached ** piety under Cheibriados
  6034 | D:5      | Noticed Edmund
  6051 | D:5      | Killed Edmund
  6051 | D:5      | Reached skill level 5 in Axes
  6051 | D:5      | Reached skill level 7 in Armour
  6073 | D:5      | Gained mutation: Armour fits poorly on your strangely shaped body. [mutagenic meat]
  6074 | D:5      | Gained mutation: Your flesh is cold resistant. [mutagenic meat]
  6075 | D:5      | Gained mutation: Scrolls take you a little longer to read. [mutagenic meat]
  6076 | D:5      | Lost mutation: Armour fits poorly on your strangely shaped body. [mutagenic meat]
  6112 | D:5      | Reached XP level 8. HP: 47/70 MP: 7/7
  6212 | D:5      | Found a shadowy altar of Dithmenos.
  6330 | D:5      | Found a sacrificial altar of Ru.
  6842 | D:6      | Reached skill level 8 in Armour
  6984 | D:6      | Found a shadowy altar of Dithmenos.
  7389 | D:6      | Reached *** piety under Cheibriados
  7390 | D:6      | Found a stormy altar of Qazlal.
  7509 | D:6      | Reached skill level 5 in Unarmed Combat
  7879 | D:6      | Reached XP level 9. HP: 77/78 MP: 8/8
  8714 | D:7      | Reached skill level 9 in Armour
  8764 | D:7      | Found a glowing silver altar of Zin.
  8952 | D:7      | Reached **** piety under Cheibriados
  8955 | D:7      | Reached skill level 1 in Maces & Flails
  9029 | D:7      | Lost mutation: Scrolls take you a little longer to read. [potion of mutation]
  9029 | D:7      | Gained mutation: You have very sharp teeth. [potion of mutation]
  9029 | D:7      | Gained mutation: You are somewhat resistant to further mutation. [potion of mutation]
  9228 | D:7      | Found an opulent altar of Gozag.
 10010 | D:7      | Reached ***** piety under Cheibriados
 10391 | D:8      | Reached skill level 10 in Armour
 10391 | D:8      | Reached XP level 10. HP: 74/86 MP: 9/9
 10541 | D:8      | Found an iron altar of Okawaru.
 11490 | D:8      | Reached skill level 5 in Maces & Flails
 11676 | D:9      | Found a blossoming altar of Fedhas.
 11679 | D:9      | Found a bloodstained altar of Trog.
 11798 | D:9      | Found an oddly glowing altar of Pakellas.
 12425 | D:9      | Reached skill level 11 in Armour
 13355 | D:10     | Entered Level 10 of the Dungeon
 13432 | D:10     | Found Vygakas's Jewellery Boutique.
 13441 | D:10     | Bought an uncursed ring of poison resistance for 320 gold pieces
 13528 | D:10     | Killed an unseen horror
 13528 | D:10     | Reached ****** piety under Cheibriados
 13830 | D:10     | Found a staircase to the Lair.
 13839 | D:10     | Reached skill level 5 in Dodging
 13997 | D:10     | Noticed Harold
 14004 | D:10     | Killed Harold
 14004 | D:10     | Reached XP level 11. HP: 94/95 MP: 10/10
 14982 | D:10     | Reached skill level 12 in Armour
 15061 | D:10     | Found a staircase to the Orcish Mines.
 15128 | D:10     | Noticed a hill giant
 15140 | D:10     | Killed a hill giant
 15268 | Lair:1   | Entered Level 1 of the Lair of Beasts
 15361 | Lair:1   | Found a bloodstained altar of Trog.
 15644 | Lair:1   | Noticed an eight-headed hydra
 15650 | Lair:1   | Killed an eight-headed hydra
 16460 | Lair:1   | Upgraded the game from 0.18.1-5-g4a78601 to 0.18.1-6-gd335043
 17343 | Lair:2   | Reached skill level 13 in Armour
 17539 | Lair:2   | Noticed a six-headed hydra
 17543 | Lair:2   | Killed a six-headed hydra
 17543 | Lair:2   | Reached XP level 12. HP: 100/106 MP: 11/11
 17646 | Lair:2   | Reached skill level 10 in Maces & Flails
 17874 | Lair:2   | Reached skill level 10 in Fighting
 18003 | Lair:2   | Found a bloodstained altar of Trog.
 18687 | Lair:3   | Found a staircase to the Snake Pit.
 18701 | Snake:1  | Entered Level 1 of the Snake Pit
 18877 | Snake:1  | Noticed a naga warrior
 18882 | Snake:1  | Killed a naga warrior
 18940 | Snake:1  | Lost mutation: Your flesh is cold resistant. [potion of cure mutation]
 18940 | Snake:1  | Lost mutation: You are somewhat resistant to further mutation. [potion of cure mutation]
 19058 | Snake:1  | Noticed an anaconda
 19063 | Snake:1  | Killed an anaconda
 19778 | Snake:1  | Noticed a naga warrior
 19793 | Snake:1  | HP: 1/108 [naga warrior/long sword (6)]
 19794 | Snake:1  | Succumbed to a naga warrior's splash of poison

Skill      XL: |  1  2  3  4  5  6  7  8  9 10 11 12 |
---------------+-------------------------------------+-----
Fighting       | 4 5 6 7 8 9 10 | 10.7
Armour         | 4 5 6 7 8 10 11 13 | 13.8
Dodging        | 1 2 3 4 5 |  5.7
Unarmed Combat | 1 2 3 5 6 7 8 9 |  9.3
Axes           | 3 4 5 7 8 9 |  9.5
Maces & Flails | 3 6 9 11 | 11.4
Throwing       | |  0.4
Shields        | |  3.9

Action                   |  1- 3 |  4- 6 |  7- 9 | 10-12 || total
-------------------------+-------+-------+-------+-------++-------
Melee: War axe           |    91 |   170 |   202 |       ||   463
       Headbutt          |    11 |    27 |    76 |   133 ||   247
       Hand axe          |       |       |    35 |       ||    35
       Dire flail        |       |       |    80 |   378 ||   458
       Bite              |       |       |    15 |    64 ||    79
Throw: Stone             |       |       |       |     3 ||     3
  Use: Potion            |     1 |     2 |     4 |    14 ||    21
       Scroll            |       |     6 |     6 |    17 ||    29
 Stab: Distracted        |       |       |       |     1 ||     1
  Eat: Bread ration      |     1 |       |       |     2 ||     3
       Chunk             |       |     3 |     8 |     3 ||    14
       Pizza             |       |     1 |       |       ||     1
       Meat ration       |       |     1 |     1 |     1 ||     3
       Beef jerky        |       |       |     1 |       ||     1
       Fruit             |       |       |       |     2 ||     2
Armor: Scale mail        |    52 |     5 |       |       ||    57
       Chain mail        |       |    75 |   149 |   183 ||   407
Dodge: Dodged            |    25 |    42 |   133 |   283 ||   483
Block: Shield            |    60 |    72 |   154 |       ||   286
